 Dungeon Crawl Stone Soup version 0.22-a0-21-g9421e3f (webtiles) character file.

221 Heh the Poker (level 5, 0/46 HPs)
             Began as a Minotaur Skald on Jan 2, 2018.
             Slain by an ogre
             ... wielding a +0 giant club
              (9 damage)
             ... on level 4 of the Dungeon.
             The game lasted 00:10:17 (1477 turns).

Heh the Poker (Minotaur Skald)                      Turns: 1477, Time: 00:10:18

Health: 0/46       AC:  4    Str: 16    XL:     5   Next: 65%
Magic:  2/7        EV: 12    Int: 11    God:
Gold:   113        SH:  0    Dex:  9    Spells: 5/8 levels left

rFire    . . .     SeeInvis .   a - +0 spear
rCold    + . .     Gourm    .   (no shield)
rNeg     . . .     Faith    .   e - +1 leather armour {rC+}
rPois    .         Spirit   .   (helmet restricted)
rElec    .         Reflect  .   (no cloak)
rCorr    .         Harm     .   (no gloves)
MR       .....                  (no boots)
Stlth    +.........             (no amulet)
HPRegen  0.15/turn              (no ring)
MPRegen  0.10/turn              (no ring)

@: very slightly contaminated, glowing
A: retaliatory headbutt, horns 2
a: no special abilities


You were on level 4 of the Dungeon.
You were hungry.

You visited 1 branch of the dungeon, and saw 4 of its levels.

You collected 113 gold pieces.

Inventory:

Hand Weapons
 a - a +0 spear (weapon)
Missiles
 o - 4 javelins (quivered)
Armour
 b - a +0 leather armour
 e - a +1 leather armour of cold resistance (worn)
Jewellery
 q - a +5 ring of slaying {unknown}
Scrolls
 f - a scroll of teleportation {unknown}
 g - a scroll of fog {unknown}
 j - a scroll of identify {unknown}
 k - a scroll of immolation {unknown}
 n - 2 scrolls of amnesia {unknown}
 p - 2 scrolls of remove curse {unknown}
Potions
 h - a potion of haste {unknown}
 i - 2 potions of heal wounds {unknown}
 l - a potion of curing
 m - 2 potions of might {unknown}
Books
 c - a book of Battle

   Spells                             Type                      Level
   a - Infusion                       Charms                       1
   b - Shroud of Golubria             Charms/Translocation         2
   c - Song of Slaying                Charms                       2
   d - Spectral Weapon                Hexes/Charms                 3
   e - Regeneration                   Charms/Necromancy            3
Comestibles
 d - 2 rations
 r - a chunk of flesh


   Skills:
 + Level 3.8 Fighting
 * Level 5.2 Polearms
 - Level 1.2 Armour
 - Level 2.1 Dodging
 + Level 2.0 Spellcasting
 + Level 2.6 Charms


You had 5 spell levels left.
You knew the following spells:

 Your Spells              Type           Power        Failure   Level  Hunger
a - Infusion              Chrm           #...         12%         1    ##.....
b - Shroud of Golubria    Chrm/Tloc      #.........   32%         2    ###....


Dungeon Overview and Level Annotations

Branches:
Dungeon (3/15)

Altars:
Elyvilon
Okawaru

Annotations:
D:4 1 runed door


Innate Abilities, Weirdness & Mutations

You reflexively headbutt those who attack you in melee.
You have a pair of horns on your head.


Message History

The ogre closely misses you.
You hit the ogre.
The ogre is moderately wounded.
Your shroud begins to fray at the edges.
You hit the ogre. Your headbutt misses the ogre.
The ogre is heavily wounded.
The ogre hits you with a giant club!
You are too injured to fight recklessly!
You are too injured to fight recklessly!
Attack whom?
Press: ? - help, Dir - move target cursor, f - ogre
Aim: an ogre, wielding a giant club (heavily wounded)
You hit the ogre.
The ogre is heavily wounded.
The ogre hits you with a giant club!
* * * LOW HITPOINT WARNING * * *
Your shroud falls apart!
It was a potion of curing.
You feel better. The ogre hits you with a giant club!
You die...

..#.# ..#.#
####....# ........
#.....# #....# #
#.O.# #.#@.####.#
### #.#).#A.._.
...##....####.+
......#...##
##...##....##
#.##.##....###. #.#
#.#........
#.###.####†##......
#.......)...[..####


You could see an angel and an ogre.

Vanquished Creatures
  An ogre (D:4)
  A howler monkey (D:4)
  Terence (D:3)
  3 adders (D:2)
  An adder skeleton (D:4)
  A worm (D:3)
  A dart slug (D:1)
  2 leopard geckos
  2 orcs (D:4)
  A giant cockroach (D:2)
  5 goblins
  6 hobgoblins
  3 jackals (D:1)
  A quokka (D:2)
  A ball python (D:1)
  4 bats
  2 frilled lizards
  4 rats
40 creatures vanquished.

Notes
Turn   | Place    | Note
-------+----------+-------------------------------------------
     0 | D:1      | Heh the Minotaur Skald began the quest for the Orb.
     0 | D:1      | Reached XP level 1. HP: 18/18 MP: 1/1
   131 | D:1      | Reached skill level 3 in Polearms
   133 | D:1      | Reached XP level 2. HP: 25/25 MP: 3/3
   625 | D:2      | Reached XP level 3. HP: 23/30 MP: 4/4
   629 | D:2      | Learned a level 2 spell: Shroud of Golubria
   662 | D:2      | Found an iron altar of Okawaru.
   957 | D:2      | Reached skill level 4 in Polearms
   977 | D:2      | You fall through a shaft!
  1266 | D:3      | Noticed Terence
  1285 | D:3      | Killed Terence
  1285 | D:3      | Reached XP level 4. HP: 27/38 MP: 3/5
  1348 | D:3      | You fall through a shaft!
  1441 | D:4      | Noticed an ogre
  1447 | D:4      | Killed an ogre
  1447 | D:4      | Reached skill level 5 in Polearms
  1447 | D:4      | Reached XP level 5. HP: 34/46 MP: 3/6
  1457 | D:4      | Found a white marble altar of Elyvilon.
  1457 | D:4      | Noticed an angel
  1462 | D:4      | Found a runed door.
  1467 | D:4      | Noticed an ogre
  1477 | D:4      | Slain by an ogre

Vault maps used:
D:1:      minmay_arrival_widening_spiral_wide, minmay_misc_feat_pillars,
          hangedman_decor_push, hangedman_abyss_or_decor_lesser_grid
D:2:      overflow_temple_1_default
D:3:      lemuel_doored_altar, uniq_terence
D:4:      ashenzari_conservatory_becter, nicolae_overflow_crystal_walls,
          old_standard_altar, first_ration, lemuel_angel_altar, uniq_ijyb

Skill      XL: |  1  2  3  4  5 |
---------------+----------------+-----
Polearms       | 3 4 5 |  5.2
Fighting       | 3 |  3.8
Spellcasting   | 2 |  2.0
Armour         | |  1.2
Dodging        | |  2.1
Charms         | |  2.6

Action                   |  1- 3 |  4- 6 || total
-------------------------+-------+-------++-------
Melee: Spear             |   126 |    45 ||   171
       Headbutt          |    12 |     8 ||    20
Throw: Javelin           |     4 |       ||     4
 Cast: Shroud of Golubri |     2 |     3 ||     5
  Use: Potion            |       |     1 ||     1
  Eat: Chunk             |     1 |     1 ||     2
Armor: Leather armour    |    22 |     5 ||    27
Dodge: Dodged            |    50 |    12 ||    62

Table legend:
 A = Spawn XP
 B = Non-spawn XP
 C = Spawn XP percentage of total XP
 D = Spawn monster count
 E = Non-spawn monster count
 F = Spawn count percentage of total count
 G = Total turns spent on level
                    A         B        C        D         E        F      G
               +---------+---------+-------+---------+---------+-------+---------
         Total |       0 |     316 |   0.0 |       0 |      40 |   0.0 |  1477
               +---------+---------+-------+---------+---------+-------+---------
           D:1 |       0 |      30 |   0.0 |       0 |      16 |   0.0 |   605
           D:2 |       0 |      53 |   0.0 |       0 |      10 |   0.0 |   372
           D:3 |       0 |      51 |   0.0 |       0 |       9 |   0.0 |   371
           D:4 |       0 |     182 |   0.0 |       0 |       5 |   0.0 |   129
               +---------+---------+-------+---------+---------+-------+---------
